 Dungeon Crawl Stone Soup version 0.26.0-18-gc5c842f807 (webtiles) character file.

Game seed: 8671946980695050965

1729 lessens the Martial Artist (level 9, -4/53 HPs)
             Began as an Octopode Transmuter on Jan 23, 2021.
             Was an Initiate of Okawaru.
             Slain by Erica
             ... wielding a +4 scimitar of flaming
              (14 damage)
             ... on level 8 of the Dungeon.
             The game lasted 00:11:27 (8945 turns).

lessens the Martial Artist (Octopode Transmuter)    Turns: 8945, Time: 00:11:28

Health: -4/53      AC:  6    Str: 12    XL:     9   Next: 5%
Magic:  10/12      EV: 20    Int: 15    God:    Okawaru [......]
Gold:   515        SH:  0    Dex: 24    Spells: 6/12 levels left

rFire    + . .     SeeInvis .     - Unarmed
rCold    . . .     Faith    .   (shield currently unavailable)
rNeg     . . .     Spirit   .   (helmet currently unavailable)
rPois    x         Reflect  .   D - amulet of magic regeneration
rElec    .         Harm     .   c - ring of stealth
rCorr    .         Rampage  .   l - +6 ring of dexterity
Will     .....                  o - +4 ring of protection
Stlth    +++.......             E - ring of protection from fire
HPRegen  0.17/turn              (no ring)
MPRegen  0.38/turn              (no ring)
                                (no ring)
                                (no ring)

@: spider-form, wereblooded
A: tiny, almost no armour, stealthy swim, (amphibious), 8 rings, (constrict 8)
a: End Transformation, Renounce Religion


You were on level 8 of the Dungeon.
You worshipped Okawaru.
Okawaru was noncommittal.
You were a venomous arachnid creature.
You visited 2 branches of the dungeon, and saw 9 of its levels.

You collected 515 gold pieces.

Inventory:

Missiles
 f - 99 arrows
 h - 177 stones
 p - 16 poisoned darts (quivered)
 y - 4 atropa-tipped darts
Jewellery
 c - a ring of stealth (left front leg)
 l - a +6 ring of dexterity (right front leg)
 o - a +4 ring of protection (on tentacle)
 D - an amulet of magic regeneration (around neck)
 E - a ring of protection from fire (on tentacle)
 I - a cursed -4 ring of strength {unknown}
Wands
 w - a wand of digging (7)
 B - a wand of paralysis (13)
Scrolls
 b - a scroll of random uselessness
 e - 3 scrolls of enchant weapon {unknown}
 j - 4 scrolls of amnesia {unknown}
 k - 3 scrolls of teleportation
 n - 2 scrolls of enchant armour {unknown}
 v - 6 scrolls of remove curse
 x - 3 scrolls of fog {unknown}
 z - a scroll of torment {unknown}
 A - 2 scrolls of fear {unknown}
 C - a scroll of identify
 F - 2 scrolls of blinking {unknown}
 H - a scroll of noise {unknown}
Potions
 a - 3 potions of attraction
 d - 2 potions of curing
 g - 4 potions of cancellation
 i - 2 potions of degeneration {unknown}
 m - 2 potions of heal wounds
 q - a potion of haste {unknown}
 r - a potion of brilliance {unknown}
 s - 4 potions of might
 t - 2 potions of resistance {unknown}
 u - 2 potions of mutation
 G - a potion of ambrosia {unknown}


   Skills:
 - Level 1.0 Fighting
 - Level 2.0 Dodging
 * Level 10.0 Unarmed Combat
 - Level 2.0 Spellcasting
 - Level 5.4 Transmutations
 - Level 3.4 Poison Magic


You had 6 spell levels left.
You knew the following spells:

 Your Spells              Type           Power        Failure   Level
a - Beastly Appendage     Tmut           34%          10%         1
b - Wereblood             Tmut           17%          12%         2
c - Spider Form           Tmut/Pois      7%           26%         3

Your spell library contained the following spells:

 Spells                   Type           Power        Failure   Level
 Blade Hands              Tmut           8%           77%         5
 Ice Form                 Ice/Tmut       9%           78%         4


Dungeon Overview and Level Annotations

Branches:
Dungeon (8/15)             Temple (1/1) D:7
   Lair: D:8-11

Altars:
Ashenzari
Cheibriados
Dithmenos
Elyvilon
Gozag
Hepliaklqana
Kikubaaqudgha
Makhleb
Okawaru
Qazlal
Ru
Sif Muna
Trog
Uskayaw
Vehumet
Wu Jian
Xom
Yredelemnul
Zin
The Shining One

Annotations:
D:3 exclusion: phantom
D:5 2 runed translucent doors, Snicker's ghost, weakling DsDe
D:8 Erica


Innate Abilities, Weirdness & Mutations

You cannot wear most types of armour.
You are very stealthy in the water. (Stealth+)
((You are amphibious.))
You can wear up to eight rings at the same time.
((You can use your tentacles to constrict eight enemies at once.))
((Your skin changes colour to match your surroundings (Stealth+).))
((Your rubbery body absorbs attacks. (AC +1, EV +1)))


Message History

Erica is heavily wounded.
The bullfrog misses you.
Erica hits you with a +4 scimitar of flaming.
You bite Erica!
Erica is severely wounded.
The bullfrog barely misses you.
You hit Erica but do no damage.
Erica looks as sick as possible!
Erica is almost dead.
The bullfrog barely misses you.
Erica hits you with a +4 scimitar of flaming.
* * * LOW HITPOINT WARNING * * *
Erica burns you.
* * * LOW HITPOINT WARNING * * *
The bullfrog misses you.
You hit Erica but do no damage.
Erica is almost dead.
The bullfrog hits you.
* * * LOW HITPOINT WARNING * * *
Erica hits you with a +4 scimitar of flaming!
You die...

#.#..........
..#............
.............. .
..#......... ..
#...)....# ...
#.......####....
#...F..>.......o
#.@s..........
#.....#<.......
#..............
##....##...)...
#.#### ......(
## #......
#..... #.#..
.#..


You could see Erica (extremely poisoned) and a bullfrog.

Vanquished Creatures
  Menkaure (D:5)
  A black bear (D:6)
  A phantom (D:7)
  An ogre (D:4)
  2 centaurs
  2 bullfrogs (D:6)
  4 scorpions
  5 wights (D:6)
  A bullfrog zombie (D:5)
  2 orc priests (D:6)
  A hound (D:6)
  A jelly (D:6)
  3 orc wizards
  5 worker ants
  A hound zombie (D:7)
  A hound skeleton (D:7)
  2 worker ant zombies (D:7)
  Robin (D:2)
  8 adders
  2 white imps
  An ufetubus (D:6)
  2 oozes
  An adder skeleton (D:4)
  3 worms
  8 dart slugs
  4 leopard geckos
  11 orcs
  9 bats
  5 giant cockroaches
  14 goblins
  11 hobgoblins
  10 jackals
  2 quokkas
  2 ball pythons
  4 frilled lizards
  10 kobolds
  6 rats
148 creatures vanquished.

Notes
Turn   | Place    | Note
-------+----------+-------------------------------------------
     0 | D:1      | lessens the Octopode Transmuter began the quest for the
                  | Orb.
     0 | D:1      | Reached XP level 1. HP: 13/13 MP: 3/3
    61 | D:1      | Reached XP level 2. HP: 17/18 MP: 5/5
   283 | D:1      | You fall into a shaft and drop 1 floor!
   611 | D:1      | Reached XP level 3. HP: 16/23 MP: 6/6
  1388 | D:2      | Noticed Robin
  1401 | D:1      | Reached XP level 4. HP: 15/28 MP: 7/7
  1547 | D:2      | Reached skill level 4 in Unarmed Combat
  2425 | D:2      | Killed Robin
  2426 | D:2      | Reached XP level 5. HP: 18/33 MP: 8/8
  3287 | D:3      | Noticed a phantom
  3826 | D:3      | Learned a level 2 spell: Wereblood
  3830 | D:3      | Learned a level 3 spell: Spider Form
  4057 | D:4      | Reached skill level 5 in Unarmed Combat
  4057 | D:4      | Reached XP level 6. HP: 18/38 MP: 9/9
  4302 | D:4      | Reached skill level 1 in Poison Magic
  4781 | D:4      | Reached XP level 7. HP: 12/43 MP: 7/10
  5020 | D:4      | Reached skill level 6 in Unarmed Combat
  5208 | D:5      | Entered Level 5 of the Dungeon
  5274 | D:4      | Reached skill level 5 in Transmutations
  5684 | D:5      | Noticed Menkaure
  6122 | D:5      | Found a large runed translucent door.
  6122 | D:5      | Found a large runed translucent door.
  6123 | D:5      | Noticed Snicker's ghost (weakling DsDe)
  6259 | D:5      | Killed Menkaure
  6515 | D:6      | Reached skill level 7 in Unarmed Combat
  6515 | D:6      | Reached XP level 8. HP: 37/48 MP: 8/11
  6736 | D:6      | Reached skill level 8 in Unarmed Combat
  7296 | D:6      | Reached skill level 9 in Unarmed Combat
  7845 | D:6      | Found a snail-covered altar of Cheibriados.
  7998 | D:7      | Found a staircase to the Ecumenical Temple.
  8079 | Temple   | Entered the Ecumenical Temple
  8439 | Temple   | Became a worshipper of Warmaster Okawaru
  8479 | D:7      | Reached XP level 9. HP: 53/53 MP: 10/12
  8497 | D:7      | Reached skill level 10 in Unarmed Combat
  8786 | D:7      | Noticed a boulder beetle
  8934 | D:8      | Noticed Erica
  8945 | D:8      | Slain by Erica

Illustrated notes

Levels and vault maps discovered:
D:1:      scummos_arrival_forest, layout_loops_cross,
          chequers_serial_rivers_small_3, corexii_hall_statues_t,
          kennysheep_boxes
D:2:      layout_rooms, minmay_misc_feat_pillars, amethyst_killhole, uniq_robin
D:3:      kennysheep_six_static_rooms, layout_loops_ring,
          kennysheep_generic_room_10
D:4:      layout_rooms
D:5:      layout_layer_cave, ebering_ghost_disaster_area, kennysheep_nub,
          uniq_menkaure
D:6:      layout_loops_cross, cheibrodos_worm_habitat
D:7:      minmay_the_grid_triangle_9x9_rhombus_thin
          [minmay_the_grid_triangle_9x9_odd_lines,
          minmay_the_grid_triangle_9x9_prize_insulated,
          minmay_the_grid_triangle_9x9_minimal,
          minmay_the_grid_triangle_9x9_empty], layout_basic
D:8:      layout_cave_pools, serial_bayou, serial_bayou_crossing,
          serial_bayou_pond_e, serial_bayou_lake_a, serial_bayou_pond_d,
          fedhas_altar_1, uniq_erica, uniq_gastronok
Temple:   roderic_octagonal_lattice_temple

Skill      XL: |  1  2  3  4  5  6  7  8  9 |
---------------+----------------------------+-----
Transmutations | 3 4 5 |  5.4
Unarmed Combat | 4 5 7 9 10 | 10.0
Poison Magic   | 2 3 |  3.4
Fighting       | |  1.0
Dodging        | |  2.0
Spellcasting   | |  2.0

Action                   |  1- 3 |  4- 6 |  7- 9 || total
-------------------------+-------+-------+-------++-------
Melee: Unarmed           |    79 |   158 |   187 ||   424
       Constrict         |    20 |    39 |    14 ||    73
       Tentacles         |     9 |    21 |    10 ||    40
       Kick              |     3 |    13 |       ||    16
       Punch             |     1 |     8 |     1 ||    10
Throw: Dart              |       |    31 |       ||    31
 Cast: Beastly Appendage |     5 |     7 |       ||    12
       Spider Form       |       |     1 |    16 ||    17
       Wereblood         |       |       |     2 ||     2
  Use: Scroll            |       |     7 |     2 ||     9
       Potion            |       |     4 |     1 ||     5
 Stab: Sleeping          |     8 |     8 |     9 ||    25
       Distracted        |       |     1 |       ||     1
Armor: Skin              |     4 |     7 |    14 ||    25
Dodge: Dodged            |    50 |   113 |   141 ||   304
